AoeStats
← ShogunPilo

Nomad

510379306Analyzed
2v2 RM · 12h ago on Sep 30, 2026· 49m 14s· 4 players
Game mode
Random Map
Map size
176×176
Population
200
Speed
Normal
Resources
Standard
Victory
Conquest
Starting age
Dark Age
Ending age
Imperial Age
RankedLock teamsTeams togetherTeam positionsShared explorationLock speedFull tech treeHidden civsTurbo modeCheats
Victory
Defeat
🇦🇷 Varangians · Argentina
958
+13
🇦🇷 Malay · Argentina
902
+16
🇫🇷 Gurjaras · France
924
-16
🇫🇷 Byzantines · France
868
-13
ShogunPilo
3:39 Loom
13:55 Feudal Age
15:55 Double-Bit Axe
18:50 Castle Age
18:31 Fletching
21:22 Bodkin Arrow
23:46 Wheelbarrow
24:31 Padded Archer Armor
26:11 Elite Skirmisher
27:09 Leather Archer Armor
31:07 Imperial Age
29:52 Ballistics
30:05 Gold Mining
31:04 Forging
35:15 Elite Varangian Guard
41:26 Conscription
41:13 Town Watch
43:20 Chemistry
42:28 Horse Collar
48:12 Iron Casting
47:43 Scale Barding Armor
47:57 Hand Cart
48:25 Caravan
SonLuffy6398
8:11 Loom
17:47 Feudal Age
18:24 Double-Bit Axe
25:33 Castle Age
26:55 Medium Warships
32:22 Forging
32:04 Fletching
34:28 Iron Casting
33:49 Bodkin Arrow
38:40 Wheelbarrow
41:12 Imperial Age
40:08 Elite Karambit Warrior
42:45 Blast Furnace
41:46 Bracer
42:52 Man-at-Arms
43:33 Squires
43:18 Arson
43:40 Forced Levy
44:15 Long Swordsman
45:24 Two-Handed Swordsman
47:38 Conscription
Novelwater
16:18 Feudal Age
18:45 Double-Bit Axe
21:10 Castle Age
19:25 Fishing Lines
22:09 Bow Saw
24:11 Wheelbarrow
23:22 Loom
24:53 Bow Saw
28:48 Gold Mining
32:37 Ballistics
32:42 Hand Cart
33:37 Gold Shaft Mining
32:53 Stone Mining
45:57 Imperial Age
43:33 Padded Archer Armor
48:39 Onager
LeVieuxMachin
4:46 Loom
15:28 Feudal Age
20:20 Castle Age
19:47 Double-Bit Axe
22:26 Bow Saw
25:26 Horse Collar
25:43 Elite Skirmisher
39:22 Imperial Age
38:19 Fortified Wall
38:30 Ballistics
Connection lost

Rejoining the realm…

Still unreachable

The connection could not be restored.

Session expired

The server has moved on; the page needs a fresh start.